 Dungeon Crawl Stone Soup version 0.21.1-1-g345015f (webtiles) character file.

3916 xccam the Basher (level 10, -12/77 HPs)
             Began as a Formicid Fighter on Mar 25, 2018.
             Was an Elder of Cheibriados.
             Mangled by a death yak (18 damage)
             ... on level 8 of the Dungeon.
             The game lasted 00:12:12 (6216 turns).

xccam the Basher (Formicid Fighter)                 Turns: 6216, Time: 00:12:13

Health: -12/77     AC: 15    Str: 43    XL:     10   Next: 43%
Magic:  10/10      EV: 10    Int: 17    God:    Cheibriados [****..]
Gold:   345        SH: 17    Dex: 20    Spells: 9/9 levels left

rFire    . . .     SeeInvis +   y - +0 whip (freeze)
rCold    . . .     Gourm    .   c - +0 shield
rNeg     . . .     Faith    .   m - +0 plate armour
rPois    .         Spirit   .   (helmet unavailable)
rElec    .         Reflect  +   (no cloak)
rCorr    .         Harm     .   k - +0 pair of gloves
MR       +....                  J - +0 pair of boots
Stlth    ..........             w - +3 amulet of reflection
HPRegen  0.22/turn              t - +6 ring of strength
MPRegen  0.12/turn              l - ring of stealth

@: mighty, very slightly contaminated, invisible, very slow
A: permanent stasis, dig shafts and tunnels, four strong arms, antennae 3
a: Dig, Shaft Self, Bend Time, Temporal Distortion, Slouch, Renounce Religion


You were on level 8 of the Dungeon.
You worshipped Cheibriados.
Cheibriados was greatly pleased with you.
You were not hungry.

You visited 1 branch of the dungeon, and saw 8 of its levels.

You collected 345 gold pieces.

Inventory:

Hand Weapons
 a - a +0 flail
 y - a +0 whip of freezing (weapon)
Armour
 c - a +0 shield (worn)
 k - a +0 pair of gloves (worn)
 m - a +0 plate armour (worn)
 J - a +0 pair of boots (worn)
Jewellery
 l - a ring of stealth (right hand)
 r - an uncursed ring of flight
 s - an uncursed ring of fire
 t - a +6 ring of strength (left hand)
 w - a +3 amulet of reflection (around neck)
 E - an uncursed amulet of guardian spirit
 I - an uncursed ring of fire
Wands
 C - a wand of polymorph (12)
Scrolls
 e - 4 scrolls of teleportation
 g - 6 scrolls of remove curse
 i - a scroll of enchant armour {unknown}
 j - a scroll of enchant weapon {unknown}
 o - a scroll of noise {unknown}
 p - a scroll of fog {unknown}
 v - 2 scrolls of magic mapping
 x - a scroll of immolation {unknown}
 z - 3 scrolls of identify
 D - 2 scrolls of torment {unknown}
 G - a scroll of amnesia {unknown}
 H - a scroll of acquirement {unknown}
Potions
 b - a potion of resistance {unknown}
 d - 4 potions of might
 h - 5 potions of magic
 n - a potion of curing
 q - a potion of invisibility
 u - 2 potions of flight
 A - a potion of brilliance {unknown}
 B - a potion of mutation {unknown}
 F - a potion of degeneration {unknown}
 K - a potion of berserk rage {unknown}
Comestibles
 f - 12 rations
 L - 3 chunks of flesh


   Skills:
 + Level 6.4 Fighting
 + Level 10.9 Maces & Flails
 + Level 6.5 Armour
 + Level 3.0 Dodging
 + Level 7.2 Shields


You had 9 spell levels left.
You didn't know any spells.

Dungeon Overview and Level Annotations

Branches:
Dungeon (8/15)             Temple (0/1) D:4            Lair (0/6) D:8

Altars:
Cheibriados
Fedhas
Makhleb
Wu Jian

Shops:
D:6 [


Innate Abilities, Weirdness & Mutations

You cannot be hasted, slowed, berserked, paralysed or teleported.
You can dig through walls and to a lower floor.
Your four strong arms can wield two-handed weapons with a shield.
You have a pair of large antennae on your head. (SInv)


Message History

The death yak gores you but does no damage.
You feel very mighty all of a sudden. The death yak closely misses you.
The death yak gores you.
* * * LOW HITPOINT WARNING * * *
You whack the death yak! You freeze the death yak.
The death yak is lightly wounded.
The death yak gores you!
* * * LOW HITPOINT WARNING * * *
You fade into invisibility!
You are very lightly contaminated with residual magic.
As you read the scroll labeled SIESUPN XOCWAC, it crumbles to dust.
You feel a strange sense of stasis.
It was a scroll of teleportation.
The death yak closely misses you. You block the death yak's attack. x2
The death yak closely misses you.
As you read the scroll labeled FOTECIF NETIA, it crumbles to dust.
You feel aware of your surroundings.
You sensed 5 altars.
It was a scroll of magic mapping.
The death yak gores you but does no damage.
The death yak gores you!!
You die...

,,,,,,*,,,,#.........#,,,,,,,,,,,
,,,,,,**,,,#....††...####******,,
..**'******######†.......,,,,,*,,
..*,,,,,,,,*,,,,#........,,,,,*,,
..+,,,,,,,,+,,,,#........,,,,,*,,
..*,,,,,,,,*,,,,#........,,,,,*,,
..*,,,,,,,,*,,,,#Y.......,,,,,*,,
..#+#############Y.......,,,,,*,,
#...............@YY.#####,,,,,*,,
#.).............YY..#,,,*,,,,,*,,
#...................#,,,*,,,,,*,,
#......[............#,,,*,,,,,*,,
#.....).............#,,,*,,,,,*,,
#...................#,,,*,,,,,*,,
#...................#,,,*,,,,,*,,
#...................#,,,*,,,,,*,,
#...................#,,,*,,,,,*,,


You could see 6 death yaks.

Vanquished Creatures
  Pikel (D:4)
  The ghost of xccam the Basher, a novice GrFi of Ru (D:5)
  Prince Ribbit (D:6)
  2 hippogriffs (D:7)
  A wyvern (D:7)
  Grum (D:8)
  Duvessa (D:6)
  A sky beast (D:7)
  A black bear (D:7)
  A necrophage (D:5)
  An ice beast (D:5)
  An ogre (D:4)
  2 wolves (D:8)
  A bullfrog (D:7)
  Dowan (D:6)
  2 scorpions (D:4)
  A water moccasin skeleton (D:4)
  6 killer bees (D:7)
  4 howler monkeys
  2 crimson imps (D:7)
  5 orc priests
  A hound (D:7)
  A centaur skeleton (D:8)
  5 orc wizards
  2 bullfrog skeletons
  2 iguanas
  Jessica (D:3)
  4 worker ants
  A howler monkey zombie (D:6)
  A howler monkey skeleton (D:7)
  10 adders
  10 gnolls (D:4)
  A shadow imp (D:6)
  An adder skeleton (D:4)
  4 dart slugs
  4 leopard geckos
  21 orcs
  5 giant cockroaches
  6 goblins
  3 hobgoblins
  8 jackals (D:3)
  2 quokkas
  A ball python (D:2)
  6 bats
  3 frilled lizards
  2 kobolds
  A quokka zombie (D:5)
  4 rats
147 creatures vanquished.

Vanquished Creatures (others)
  A centaur (D:8)
  A bullfrog skeleton (D:4)
  2 gnolls (D:4)
  A leopard gecko (D:4)
  An orc (D:6)
  2 jackals (D:4)
8 creatures vanquished.

Grand Total: 155 creatures vanquished

Notes
Turn   | Place    | Note
-------+----------+-------------------------------------------
     0 | D:1      | xccam the Formicid Fighter began the quest for the Orb.
     0 | D:1      | Reached XP level 1. HP: 18/18 MP: 1/1
    92 | D:1      | Reached XP level 2. HP: 17/24 MP: 2/2
   383 | D:1      | Reached skill level 3 in Maces & Flails
   672 | D:2      | Reached XP level 3. HP: 29/29 MP: 3/3
  1049 | D:2      | Reached skill level 4 in Maces & Flails
  1049 | D:2      | Reached XP level 4. HP: 35/35 MP: 4/4
  1245 | D:2      | Found a blossoming altar of Fedhas.
  1544 | D:3      | Reached skill level 5 in Maces & Flails
  1544 | D:3      | Reached XP level 5. HP: 15/41 MP: 5/5
  1693 | D:3      | Noticed Jessica
  1701 | D:3      | Killed Jessica
  2084 | D:3      | Found a faded altar of an unknown god.
  2089 | D:3      | Became a worshipper of Cheibriados the Contemplative
  2089 | D:3      | Reached * piety under Cheibriados
  2256 | D:4      | Reached XP level 6. HP: 31/47 MP: 6/6
  2359 | D:4      | Noticed Pikel
  2359 | D:4      | Noticed a slave
  2359 | D:4      | Noticed a slave
  2359 | D:4      | Noticed a slave
  2362 | D:4      | Noticed a slave
  2381 | D:4      | Killed Pikel
  2381 | D:4      | Reached skill level 8 in Maces & Flails
  2381 | D:4      | Reached XP level 7. HP: 42/52 MP: 7/7
  2595 | D:4      | Reached XP level 8. HP: 36/58 MP: 8/8
  2905 | D:4      | Reached skill level 9 in Maces & Flails
  3201 | D:4      | Reached ** piety under Cheibriados
  3268 | D:4      | Found a staircase to the Ecumenical Temple.
  3427 | D:5      | Entered Level 5 of the Dungeon
  3436 | D:5      | Noticed xccam's ghost (novice GrFi)
  3485 | D:5      | Killed xccam's ghost
  3719 | D:5      | Reached XP level 9. HP: 65/65 MP: 9/9
  3891 | D:5      | Reached skill level 10 in Maces & Flails
  3918 | D:5      | Reached skill level 5 in Shields
  4240 | D:6      | Noticed Prince Ribbit
  4260 | D:6      | Killed Prince Ribbit
  4360 | D:6      | Noticed Duvessa
  4367 | D:6      | Noticed Dowan
  4375 | D:6      | Killed Duvessa
  4375 | D:6      | Reached skill level 5 in Fighting
  4375 | D:6      | Reached skill level 5 in Armour
  4381 | D:6      | Killed Dowan
  4612 | D:6      | Found Yjoliess's Armour Shoppe.
  4777 | D:6      | Reached *** piety under Cheibriados
  5041 | D:7      | Reached skill level 1 in Dodging
  5084 | D:7      | Found a burning altar of Makhleb.
  5142 | D:7      | Found an ornate altar of the Wu Jian Council.
  5233 | D:7      | Noticed a hippogriff
  5241 | D:7      | Killed a hippogriff
  5241 | D:7      | Reached XP level 10. HP: 53/76 MP: 10/10
  5982 | D:7      | Reached **** piety under Cheibriados
  6132 | D:8      | Noticed Grum
  6155 | D:8      | Killed Grum
  6194 | D:8      | Noticed a death yak
  6202 | D:8      | Noticed a death yak
  6203 | D:8      | Noticed a death yak
  6203 | D:8      | Noticed a death yak
  6204 | D:8      | Noticed a death yak
  6208 | D:8      | Noticed a death yak
  6216 | D:8      | Mangled by a death yak

Skill      XL: |  1  2  3  4  5  6  7  8  9 10 |
---------------+-------------------------------+-----
Maces & Flails | 3 4 5 8 9 10 | 10.9
Shields        | 4 6 7 |  7.2
Fighting       | 4 5 6 |  6.4
Armour         | 4 5 6 |  6.5
Dodging        | 1 3 |  3.0

Action                   |  1- 3 |  4- 6 |  7- 9 | 10-12 || total
-------------------------+-------+-------+-------+-------++-------
Melee: Flail             |    84 |   151 |       |       ||   235
       Whip              |       |       |   393 |   140 ||   533
  Use: Scroll            |       |       |     6 |     2 ||     8
       Potion            |       |       |     3 |     2 ||     5
  Eat: Chunk             |       |     4 |     5 |     2 ||    11
Armor: Scale mail        |    31 |    65 |    26 |       ||   122
       Plate armour      |       |       |    42 |    32 ||    74
Dodge: Dodged            |    27 |    43 |    57 |    31 ||   158
Block: Shield            |    47 |   145 |   218 |   116 ||   526
       Reflection        |       |       |     4 |     7 ||    11
